cohdb
Replays
Latest Replays
All Replays
Popular Replays
Top Player Replays
Match Explorer
How It Works
Community
CoH3 Stats
Reddit
Sign in to upload your games and track your stats! →
Sign in with Steam
Match 41720128
Unlisted
Match 41720128
Overview
Messages
Build Orders
End
Construct Barracks
Selects Armored Battlegroup
Selects Assault Engineers
Assault Engineer Squad
1⁄4-ton 4x4 Truck
Riflemen Squad
Riflemen Squad
Construct Weapon Support Center
Mechanized Support Center
M3 Armored Personnel Carrier
Construct Medical Station
Riflemen Squad
Selects Strength in Steel
M1918 Browning Automatic Rifles
Construct Motor Pool
M1919 Machine Gun Team
M3 75 mm Gun Motor Carriage
M1919 Machine Gun Team
Selects M8 Scott SPG
Sniper
Selects UNKNOWN (2160077)
Selects Field Repairs
M24 Chaffee Light Tank
Skyline
KevinTDW
我真的不是驴
一一ㄙ
0
0
Comments
sign in to comment!
No comments posted yet!